 Dungeon Crawl Stone Soup version 0.31-a0-728-g01b46875f1 (webtiles) character file.

Game seed: 3765669481558361753

21186 pokeman the Eclecticist (level 12, -8/68 HPs)
             Began as a Deep Elf Hedge Wizard on Sept 10, 2023.
             Was a High Priest of Vehumet.
             Killed from afar by a frost giant (62 damage)
             ... with a bolt of cold
             ... in an ice cave on Sept 11, 2023.
             The game lasted 00:38:30 (11386 turns).

pokeman the Eclecticist (Deep Elf Hedge Wizard)    Turns: 11386, Time: 00:38:32

Health: -8/68      AC: 11    Str:  7    XL:     12   Next: 52%
Magic:  36/43      EV: 13    Int: 25    God:    Vehumet [*****.]
Gold:   932        SH:  0    Dex: 14    Spells: 19/44 levels left

rFire   . . .        X - +2 short sword (venom)
rCold   . . .        (no shield)
rNeg    . . .        O - +1 robe {Will+}
rPois   .            y - +2 helmet
rElec   .            s - +0 cloak
rCorr   .            n - +1 pair of gloves
SInv    .            m - +0 pair of boots
Will    ++...        t - amulet of magic regeneration
Stlth   +++          e - ring of magical power
HPRegen 0.31/turn    c - ring of flight
MPRegen 0.68/turn

%: no passive effects
@: flying
A: no striking features
a: Renounce Religion


You were in an ice cave.
You worshipped Vehumet.
Vehumet was extremely pleased with you.
You visited 2 branches of the dungeon, and saw 12 of its levels.
You also visited: Ossuary and Ice Cave.

You collected 932 gold pieces.

Inventory:

Hand Weapons
 a - a +4 quarterstaff of chaos
 W - a +0 dagger of pain
 X - a +2 short sword of venom (weapon)
Missiles
 r - 3 curare-tipped darts
Armour
 m - a +0 pair of boots (worn)
 n - a +1 pair of gloves (worn)
 s - a +0 cloak (worn)
 y - a +2 helmet (worn)
 O - a +1 robe of willpower (worn)
 Q - +0 acid dragon scales
 S - a +0 robe of fire resistance
 V - a +1 buckler of cold resistance
Magical Staves
 i - a staff of poison
Jewellery
 c - a ring of flight (right hand)
 e - a ring of magical power (left hand)
 k - an amulet of faith
 q - a ring of fire
 t - an amulet of magic regeneration (around neck)
 J - a ring of protection from cold
 L - a ring of resist corrosion
Wands
 x - a wand of flame (21)
 D - a wand of polymorph (18)
 K - a wand of charming (15)
 P - a wand of digging (9)
Scrolls
 h - 9 scrolls of teleportation
 l - 4 scrolls of noise
 o - a scroll of fear
 w - 5 scrolls of vulnerability
 z - a scroll of amnesia
 B - 2 scrolls of brand weapon
 E - a scroll of enchant weapon
 F - a scroll of blinking
 G - a scroll of silence
 H - a scroll of immolation
 M - a scroll of poison
 R - a scroll of torment
Potions
 b - a potion of mutation
 d - 2 potions of magic
 f - 2 potions of lignification
 g - 3 potions of ambrosia
 j - 3 potions of berserk rage
 p - 3 potions of heal wounds
 u - 2 potions of invisibility {unknown}
 v - a potion of degeneration {unknown}
 A - 2 potions of might {unknown}
 C - a potion of enlightenment {unknown}
 I - 3 potions of curing {unknown}
 N - a potion of brilliance {unknown}
 U - a potion of attraction {unknown}
 Y - a potion of resistance {unknown}
Miscellaneous
 T - a tin of tremorstones (2/2)
 Z - a sack of spiders


   Skills:
 - Level 5.0 Fighting
 + Level 4.5 Armour
 - Level 4.0 Dodging
 - Level 4.2 Stealth
 * Level 16.5 Spellcasting
 + Level 9.8 Conjurations
 - Level 1.1 Summonings
 - Level 1.0 Necromancy
 - Level 1.1 Translocations
 - Level 1.1 Transmutations
 + Level 8.1 Fire Magic
 - Level 1.1 Ice Magic
 - Level 1.0 Air Magic
 + Level 8.6 Earth Magic
 - Level 1.0 Poison Magic
 - Level 1.1 Evocations


You had 19 spell levels left.
You knew the following spells:

 Your Spells              Type           Power      Damage    Failure   Level
a - Magic Dart            Conj           100%       1d8       1%          1
b - Mephitic Cloud        Conj/Pois/Air  40%        N/A       1%          3
c - Call Imp              Summ           52%        N/A       2%          2
d - Blink                 Tloc           52%        N/A       2%          2
e - Stone Arrow           Conj/Erth      100%       3d13      1%          3
f - Starburst             Conj/Fire      30%        6d9       2%          6
g - Freezing Cloud        Conj/Ice/Air   20%        6-21      4%          5
h - Ignite Poison         Fire/Tmut/Pois 38%        N/A       1%          3

Your spell library contained the following spells:

 Spells                   Type           Power      Damage    Failure   Level
 Sandblast                Erth           100%       2d20      1%          1
 Shock                    Conj/Air       100%       1d9       1%          1
 Momentum Strike          Conj/Tloc      94%        3d10      1%          2
 Passwall                 Tmut/Erth      37%        N/A       1%          2
 Dazzling Flash           Conj/Hex       90%        N/A       1%          3
 Slow                     Hex            80%        N/A       2%          1
 Cigotuvi's Dreadful Rot  Necr/Pois/Air  50%        N/A       2%          2
 Lesser Beckoning         Tloc           52%        N/A       2%          2
 Swiftness                Air            25%        N/A       4%          3
 Airstrike                Air            12%        2d(2-18)  4%          4
 Tukima's Dance           Hex            20%        N/A       8%          3
 Borgnjor's Vile Clutch   Necr/Erth      22%        N/A       10%         5
 Passage of Golubria      Tloc           26%        N/A       16%         4
 Yara's Violent Unravell  Hex/Tmut       11%        3d6       16%         5
 Alistair's Intoxication  Tmut/Pois      17%        N/A       41%         5
 Summon Forest            Summ/Tloc      13%        N/A       41%         5
 Agony                    Necr           25%        N/A       43%         5
 Silence                  Hex/Air        11%        N/A       50%         5
 Summon Mana Viper        Hex/Summ       23%        N/A       50%         5
 Eringya's Noxious Bog    Tmut/Pois      13%        4d6       50%         6
 Summon Cactus Giant      Summ           13%        N/A       94%         6


Dungeon Overview and Level Annotations

Branches:
Dungeon (11/15)            Temple (1/1) D:7            Lair (0/5) D:9
    Orc (0/2) D:10        Ossuary (visited)           IceCv (1/1)

Altars:
Ashenzari
Cheibriados
Dithmenos
Elyvilon
Fedhas
Gozag
Hepliaklqana
Kikubaaqudgha
Makhleb
Nemelex Xobeh
Okawaru
Qazlal
Ru
Sif Muna
Trog
Uskayaw
Vehumet
Wu Jian
Xom
Yredelemnul
Zin
The Shining One

Shops:
D:7 =


Message History

The wolf bites the yak but does no damage.
The yak is engulfed in noxious fumes.
The yak gores the wolf but does no damage.
The frost giant is engulfed in noxious fumes.
The frost giant hits the yak with a +1 battleaxe of freezing!!
The frost giant freezes the yak.
The yak is killed!
Vehumet accepts your kill.
You feel your power returning.
The wolf is engulfed in noxious fumes.
The wolf appears confused.
The frost giant is engulfed in noxious fumes.
The frost giant appears confused.
Unknown command.
Casting: Mephitic Cloud (safe; 1% risk of failure)
Confirm with . or Enter, or press ? or * to list all spells.
Casting: Starburst (dangerous; 2% risk of failure)
Press: ? - help, Dir - look around, f - activate The bolt of fire hits the frost giant!!
The frost giant is moderately wounded.
The wolf bites itself but does no damage.
Unknown command.
You closely miss the wolf.
The wolf is moderately wounded.
The wolf bites you. The wolf bites you.
You hit the wolf.
The wolf is poisoned.
The wolf is moderately wounded.
The wolf bites you.
The frost giant gestures wildly.
The frost giant seems less confused.
The wolf bites you.
Casting: Starburst (dangerous; 2% risk of failure)
Confirm with . or Enter, or press ? or * to list all spells.
Casting: Starburst (dangerous; 2% risk of failure)
Press: ? - help, Dir - look around, f - activate The bolt of fire hits the frost giant!!
The frost giant is heavily wounded.
The frost giant points at you and mumbles some strange words.
The bolt of cold hits you!!!
Ouch! That really hurt!
You die... #≈≈≈≈≈≈≈#.# ##≈≈≈≈≈≈#.## ###≈≈≈≈≈≈##.# ##.##≈≈#≈≈##.# #.C.##≈##≈#..# #..#..######..# #..###.#.#.#...# hYY.

#..#h.#...#
..CY.
##.@##...##
.Y...
#.###..##
..h.
##.##.##
....
#.##..#
##.##.##
##.##..##
##.####..#
#.## ##.#
##.#####.#


You could see a frost giant and a wolf (confused, very poisoned).

Vanquished Creatures
  5 two-headed ogres
  A centaur warrior (D:11)
  2 ugly things
  A manticore (D:11)
  The ghost of pokeman the Thaumaturge, a novice DEHW (D:5)
  An ice statue (IceCv)
  A kobold demonologist (D:8)
  9 polar bears (IceCv)
  The ghost of Sirjeffry24 the Shooter, an amateur DgHu (D:5)
  4 trolls
  4 wyverns
  A shadow (D:11)
  Eustachio (D:6)
  A wraith (D:10)
  28 yaks
  A steam dragon (D:7)
  Menkaure (D:6)
  An acid dragon (D:10)
  A swamp worm (D:9)
  6 orc warriors
  2 ice beasts (D:7)
  A black bear (D:5)
  An ogre (D:7)
  17 wolves (IceCv)
  7 centaurs
  5 elf zombies (Ossuary)
  8 kobold brigands
  7 bullfrogs
  Blork the orc (D:4)
  3 scorpions
  A gnoll sergeant (D:5)
  9 wights
  6 killer bees (D:9)
  7 howler monkeys
  3 centaur zombies (Ossuary)
  5 hounds
  2 human zombies (Ossuary)
  2 jellies
  11 orc priests
  A gnoll bouda (D:8)
  Crazy Yiuf (D:2)
  5 iguanas
  11 orc wizards
  3 sleepcaps
  4 mummies
  13 gnolls
  3 adders
  3 shadow imps (D:8)
  4 worms (D:2)
  A dart slug (D:2)
  46 orcs
  5 endoplasms
  2 giant cockroaches
  2 goblins
  7 hobgoblins
  6 jackals
  45 kobolds
  4 quokkas
  3 ball pythons
  2 bats
  3 frilled lizards
  A goblin zombie (D:6)
  6 kobold skeletons (D:8)
  12 kobold zombies (D:8)
  An orc zombie (D:6)
  2 rats
365 creatures vanquished.

Vanquished Creatures (collateral kills)
  2 centaur zombies (Ossuary)
  An adder (D:6)
3 creatures vanquished.

Vanquished Creatures (others)
  A killer bee (D:9)
1 creature vanquished.

Grand Total: 369 creatures vanquished

Notes
Turn   | Place    | Note
-------+----------+-------------------------------------------
     0 | D:1      | pokeman the Deep Elf Hedge Wizard began the quest for the
                  | Orb.
     0 | D:1      | Reached XP level 1. HP: 10/10 MP: 7/7
   773 | D:1      | Reached XP level 2. HP: 15/15 MP: 9/9
  1384 | D:2      | Reached skill level 5 in Spellcasting
  1486 | D:2      | Reached XP level 3. HP: 20/20 MP: 11/11
  1494 | D:2      | Learned a level 3 spell: Mephitic Cloud
  1497 | D:2      | Learned a level 2 spell: Call Imp
  1500 | D:2      | Learned a level 2 spell: Blink
  1543 | D:2      | Found a sparkling altar of Nemelex Xobeh.
  1922 | D:2      | Reached skill level 1 in Armour
  1995 | D:2      | Reached skill level 1 in Fighting
  1998 | D:2      | Reached XP level 4. HP: 12/25 MP: 1/13
  2255 | D:2      | Found a runed translucent door.
  2256 | D:2      | Noticed Crazy Yiuf
  2509 | D:2      | Killed Crazy Yiuf
  2627 | D:3      | Learned a level 3 spell: Stone Arrow
  2830 | D:3      | Found a shadowy altar of Dithmenos.
  2844 | D:3      | Reached skill level 6 in Spellcasting
  2957 | D:3      | Found a faded altar of an unknown god.
  3049 | D:3      | Reached XP level 5. HP: 29/29 MP: 15/15
  3218 | D:3      | Learned a level 5 spell: Freezing Cloud
  3485 | D:4      | Noticed Blork the orc
  3504 | D:4      | Killed Blork the orc
  3505 | D:4      | Reached XP level 6. HP: 32/34 MP: 17/17
  3539 | D:4      | Reached skill level 7 in Spellcasting
  3551 | D:4      | Found a large runed translucent door.
  3552 | D:4      | Found a large runed translucent door.
  3621 | D:4      | You are sucked into a shaft and drop 2 floors!
  3639 | D:6      | Noticed Eustachio
  3663 | D:6      | Killed Eustachio
  3750 | D:6      | Found a sand-covered staircase.
  3767 | D:6      | Reached XP level 7. HP: 26/38 MP: 20/20
  3771 | D:6      | Reached skill level 1 in Ice Magic
  3771 | D:6      | Reached skill level 1 in Evocations
  3774 | D:6      | Reached skill level 8 in Spellcasting
  3781 | Ossuary  | Entered an ossuary
  3868 | Ossuary  | Reached skill level 1 in Air Magic
  3868 | Ossuary  | Reached skill level 1 in Earth Magic
  3868 | Ossuary  | Reached skill level 1 in Poison Magic
  4036 | Ossuary  | Reached skill level 9 in Spellcasting
  4036 | Ossuary  | Reached XP level 8. HP: 40/43 MP: 7/23
  4196 | Ossuary  | Learned a level 3 spell: Ignite Poison
  4216 | D:6      | Found a stormy altar of Qazlal.
  4235 | D:6      | Found a basalt altar of Yredelemnul.
  4301 | D:5      | Entered Level 5 of the Dungeon
  4354 | D:5      | Found a burning altar of Makhleb.
  4457 | D:5      | Found a runed translucent gate.
  4457 | D:5      | Found a runed translucent gate.
  4457 | D:5      | Found a runed translucent gate.
  4461 | D:5      | Noticed Sirjeffry24's ghost (amateur DgHu)
  4461 | D:5      | Noticed pokeman's ghost (novice DEHW)
  4517 | D:5      | Reached skill level 1 in Transmutations
  4517 | D:5      | Reached skill level 1 in Fire Magic
  4519 | D:5      | Reached skill level 5 in Conjurations
  5138 | D:4      | Found an iron altar of Okawaru.
  5150 | D:4      | Found an ornate altar of the Wu Jian Council.
  5333 | D:5      | Reached skill level 10 in Spellcasting
  5771 | D:5      | Killed pokeman's ghost
  5772 | D:5      | Reached XP level 9. HP: 41/48 MP: 19/25
  5776 | D:5      | Killed Sirjeffry24's ghost
  6014 | D:6      | Noticed Menkaure
  6018 | D:6      | Killed Menkaure
  6019 | D:6      | Reached skill level 11 in Spellcasting
  6552 | D:7      | Found a staircase to the Ecumenical Temple.
  6564 | Temple   | Entered the Ecumenical Temple
  6582 | Temple   | Became a worshipper of Vehumet
  6608 | D:7      | Found Qaefacif's Jewellery Boutique.
  6906 | D:8      | Reached skill level 12 in Spellcasting
  6906 | D:8      | Reached skill level 5 in Earth Magic
  7148 | D:8      | Reached XP level 10. HP: 51/54 MP: 19/28
  7262 | D:8      | Reached * piety under Vehumet
  7262 | D:8      | Offered knowledge of Kiss of Death by Vehumet.
  7470 | D:8      | Identified the +5 chain mail of the Foremost Knives {rN+}
  7708 | D:8      | Offered knowledge of Poisonous Vapours by Vehumet.
  7710 | D:8      | Reached ** piety under Vehumet
  7804 | D:8      | Found an ancient bone altar of Kikubaaqudgha.
  7885 | D:8      | Upgraded the game from 0.31-a0-716-gc7603755dd to
                  | 0.31-a0-728-g01b46875f1
  8072 | D:9      | Reached skill level 5 in Fire Magic
  8108 | D:9      | Offered knowledge of Static Discharge by Vehumet.
  8116 | D:9      | Noticed a two-headed ogre
  8122 | D:9      | Killed a two-headed ogre
  8123 | D:9      | Reached skill level 13 in Spellcasting
  8570 | D:9      | Found a staircase to the Lair.
  8662 | D:9      | Noticed a two-headed ogre
  8670 | D:9      | Killed a two-headed ogre
  8795 | D:9      | Noticed a two-headed ogre
  8801 | D:9      | Killed a two-headed ogre
  8802 | D:9      | Reached XP level 11. HP: 61/61 MP: 30/30
  8810 | D:9      | Reached *** piety under Vehumet
  8811 | D:9      | Reached skill level 14 in Spellcasting
  8914 | D:9      | Noticed a red ugly thing
  8924 | D:9      | Killed a red ugly thing
  9098 | D:10     | Entered Level 10 of the Dungeon
  9251 | D:10     | Offered knowledge of Frozen Ramparts by Vehumet.
  9557 | D:10     | Found a staircase to the Orcish Mines.
  9586 | D:10     | Reached **** piety under Vehumet
  9592 | D:10     | Reached skill level 1 in Necromancy
  9603 | D:10     | Offered knowledge of Arcjolt by Vehumet.
 10365 | D:11     | Reached skill level 5 in Fighting
 10365 | D:11     | Reached skill level 15 in Spellcasting
 10377 | D:11     | Noticed a two-headed ogre
 10383 | D:11     | Killed a two-headed ogre
 10510 | D:11     | Noticed a two-headed ogre
 10515 | D:11     | Killed a two-headed ogre
 10590 | D:11     | Noticed a boulder beetle
 10623 | D:11     | Noticed a boulder beetle
 10625 | D:11     | Noticed a centaur warrior
 10633 | D:11     | Noticed a deep elf pyromancer
 10635 | D:11     | Killed a centaur warrior
 10659 | D:11     | Found a frozen archway.
 10670 | IceCv    | Entered an ice cave
 10691 | IceCv    | Reached XP level 12. HP: 58/68 MP: 33/33
 10719 | IceCv    | Reached ***** piety under Vehumet
 10762 | IceCv    | Offered knowledge of Starburst by Vehumet.
 10774 | IceCv    | Learned a level 6 spell: Starburst
 10821 | IceCv    | Reached skill level 16 in Spellcasting
 11361 | IceCv    | Noticed a death yak
 11362 | IceCv    | Noticed a frost giant
 11362 | IceCv    | Noticed a death yak
 11362 | IceCv    | Noticed a death yak
 11386 | IceCv    | Killed from afar by a frost giant

Illustrated notes

Levels and vault maps discovered:
D:1:      psy_arrival_basics, layout_basic
D:2:      layout_basic, basic_altar, uniq_crazy_yiuf_cottage
D:3:      layout_loops_ring, grunt_dithmenos_smoke_and_mirrors,
          hellmonk_ecumenical_altar_heavens_door, dreamdust_princess_bridge
D:4:      layout_basic, jmf_multi_god_temple2, uniq_blork_the_orc
D:5:      layout_loops_ring, lemuel_doored_altar, gammafunk_ghost_cemetery
D:6:      layout_rooms, mainiacjoe_overflow_large_starburst,
          nicolae_ossuary_entry_giza, minivault_10, uniq_eustachio,
          uniq_menkaure
D:7:      layout_loops_ring, minmay_temple_entry_proselytizer, serial_shops,
          shop, hangedman_abyss_or_decor_lesser_grid
D:8:      wander_kiku_kobolds, layout_loops_ring
D:9:      minmay_s_stair_smasher, layout_long_grid, lair_entry_dummy,
          worms_lemuel
D:10:     layout_big_octagon, hiddenorc2_lemuel
D:11:     minmay_blocky_corners, layout_stronghold,
          portal_ice_cave_entry_pillars_1
Temple:   compressed_dpeg_triangle_lava_temple
IceCv:    ice_cave_caverns_02

Skill      XL: |  1  2  3  4  5  6  7  8  9 10 11 12 |
---------------+-------------------------------------+-----
Spellcasting   | 5 6 7 9 10 12 13 15 16 | 16.5
Armour         | 1 2 3 4 |  4.5
Fighting       | 1 2 4 5 |  5.0
Conjurations   | 2 3 4 5 6 7 9 |  9.8
Stealth        | 3 4 |  4.2
Dodging        | 3 4 |  4.0
Ice Magic      | 1 |  1.1
Evocations     | 1 |  1.1
Air Magic      | 1 |  1.0
Earth Magic    | 2 3 5 6 7 8 |  8.6
Poison Magic   | 1 |  1.0
Transmutations | 1 |  1.1
Fire Magic     | 2 4 6 7 8 |  8.1
Necromancy     | 1 |  1.0
Summonings     | |  1.1
Translocations | |  1.1

Action                     |  1- 3 |  4- 6 |  7- 9 | 10-12 || total
---------------------------+-------+-------+-------+-------++-------
  Melee: Dagger            |     1 |       |       |       ||     1
         Flail             |       |    42 |    53 |    20 ||   115
         Punch             |       |     1 |       |     1 ||     2
         Whip              |       |       |       |    33 ||    33
         Short sword       |       |       |       |    35 ||    35
   Cast: Magic Dart        |   114 |    72 |    43 |   106 ||   335
         Mephitic Cloud    |     4 |     9 |     2 |    50 ||    65
         Call Imp          |     1 |     1 |     7 |       ||     9
         Blink             |       |     1 |       |       ||     1
         Stone Arrow       |       |     1 |   127 |   159 ||   287
         Ignite Poison     |       |       |     1 |    13 ||    14
         Freezing Cloud    |       |       |       |     3 ||     3
         Starburst         |       |       |       |    19 ||    19
    Use: Scroll            |       |       |       |    19 ||    19
   Stab: Confused          |       |     9 |     1 |     8 ||    18
         Sleeping          |       |     1 |       |       ||     1
         Distracted        |       |       |     1 |       ||     1
 Armour: Robe              |    18 |    49 |    75 |   130 ||   272
  Dodge: Dodged            |     9 |    49 |    66 |   127 ||   251

Table legend: (Time is in decaauts)
 A = Elapsed time spent in this place.
 B = Non-inter-level travel time spent in this place.
 C = Inter-level travel time spent in this place.
 D = Time resting spent in this place.
 E = Time spent auto-exploring this place.
 F = Levels seen in this place.
 G = Mean time per level.
                   A        B        C        D        E       F      G
               +--------+--------+--------+--------+--------+-----+--------+
         Total |  11432 |  10917 |    515 |    264 |   8133 |  14 |  816.6 |
       Dungeon |  10241 |   9743 |    498 |    261 |   7393 |  11 |  931.0 |
        Temple |     39 |     22 |     17 |      0 |      0 |   1 |   39.0 |
       Ossuary |    436 |    436 |      0 |      0 |    264 |   1 |  436.0 |
      Ice Cave |    715 |    715 |      0 |      3 |    476 |   1 |  715.0 |
               +--------+--------+--------+--------+--------+-----+--------+

Top non-repeatable levels by time:
     D:2: 1438 daAuts
    D:10: 1230 daAuts
     D:9: 1164 daAuts
     D:1: 1156 daAuts
     D:8: 1044 daAuts
     D:5: 920 daAuts
     D:3: 855 daAuts
     D:4: 852 daAuts
   IceCv: 715 daAuts
     D:7: 681 daAuts
     D:6: 554 daAuts
 Ossuary: 436 daAuts
    D:11: 342 daAuts
  Temple: 39 daAuts
